 Dungeon Crawl Stone Soup version 0.31-a0-188-g5e087ee2ca (webtiles) character file.

Game seed: 2270735744609539150

77 qw the Shooter (level 4, -2/25 HPs)
             Began as a Deep Elf Hunter on June 23, 2023.
             Slain by a cerulean imp
             ... wielding a +2 spear
             ... summoned by Natasha
              (4 damage)
             ... on level 3 of the Dungeon.
             The game lasted 00:00:42 (1611 turns).

qw the Shooter (Deep Elf Hunter)                    Turns: 1611, Time: 00:00:42

Health: -2/25      AC:  6    Str: 10    XL:     4   Next: 13%
Magic:  6/6        EV: 11    Int: 14    God:
Gold:   135        SH:  0    Dex: 18    Spells: 3/3 levels left

rFire   + . .        Y - +0 shortbow
rCold   . . .        (shield currently unavailable)
rNeg    . . .        d - +0 ring mail
rPois   .            (no helmet)
rElec   .            c - +0 cloak
rCorr   .            (no gloves)
SInv    .            (no boots)
Will    .....        (no amulet)
Stlth   +            h - ring of protection from fire
HPRegen 0.24/turn    (no ring)
MPRegen 0.10/turn

%: no passive effects
@: about to teleport
A: no striking features
a: no special abilities


You were on level 3 of the Dungeon.
You visited 1 branch of the dungeon, and saw 3 of its levels.

You collected 135 gold pieces.


   Skills:
 - Level 1.5 Fighting
 + Level 7.5 Ranged Weapons
 - Level 2.4 Dodging
 - Level 1.2 Stealth


You had 3 spell levels left.
You didn't know any spells.
Your spell library was empty.

Inventory:

Hand Weapons
 Y - a +0 shortbow (weapon)
Armour
 c - a +0 cloak (worn)
 d - a +0 ring mail (worn)
 g - a +0 helmet
Jewellery
 h - a ring of protection from fire (left hand)
Potions
 b - a potion of brilliance {unknown}
 e - a potion of heal wounds {unknown}
 f - a potion of degeneration {unknown}
 i - a potion of haste {unknown}
 j - 2 potions of curing {unknown}
 k - a potion of enlightenment {unknown}

Dungeon Overview and Level Annotations

Branches:
Dungeon (3/15)

Altars:
Zin

Annotations:
D:3 Natasha


Message History

The cerulean imp hits you from afar with a +3 spear.
Natasha hisses.
The cerulean imp hits you but does no damage.
You shoot an arrow.
The arrow closely misses the cerulean imp.
The cerulean imp barely misses you.
You shoot an arrow. The arrow misses the cerulean imp.
The cerulean imp misses you.
Natasha wildly gestures.
Natasha glows brightly for a moment.
The cerulean imp hits you but does no damage.
You shoot an arrow. The arrow misses the cerulean imp.
The cerulean imp hits you but does no damage.
The cerulean imp misses you.
You shoot an arrow. The arrow hits the cerulean imp.
The cerulean imp is almost dead.
The cerulean imp disappears in a puff of smoke!
You shoot an arrow.
The arrow hits Natasha but does no damage.
The cerulean imp hits you from afar with a +2 spear.
Natasha barely misses you.
The cerulean imp hits you from afar with a +2 spear.
Natasha claws you.
You shoot an arrow. The arrow barely misses Natasha.
The cerulean imp disappears in a puff of smoke!
The cerulean imp hits you from afar with a +2 spear.
Natasha claws you. The cerulean imp barely misses you.
Natasha claws you but does no damage.
You shoot an arrow. The arrow hits Natasha!
Natasha is heavily wounded.
The cerulean imp hits you but does no damage.
Natasha claws you.
The cerulean imp hits you from afar with a +2 spear.
Natasha misses you.
1611 ||| READING scroll of teleportation.
As you read the scroll of teleportation, it crumbles to dust.
You feel strangely unstable.
You feel yourself speed up.
The cerulean imp hits you from afar with a +2 spear.
You die...

.......#.#......
..)..........#.. ######
......##.##..... #8.._#
.....#.......... ###....#
..##.#.#.#..##.. #.'....#
.##..#.#....##.. #.#..###
##5#..#)...#...... #.#8.#A#
#h.#.#.%.........# #.######
#@..<###.........#
#.########..###...).......#
#...#.......##..#..........
###.................).....#
#........[..#.........###
#.......<.###.........#
#.........###.........###
#........................
#.........#..............


You could see Natasha and a cerulean imp (summoned).

Vanquished Creatures
  Robin (D:3)
  An adder (D:2)
  3 ball pythons (D:1)
  4 endoplasms
  5 giant cockroaches
  9 goblins
  9 hobgoblins
  2 quokkas
  3 bats
  2 frilled lizards
  5 kobolds
  4 rats
48 creatures vanquished.

Notes
Turn   | Place    | Note
-------+----------+-------------------------------------------
     0 | D:1      | qw the Deep Elf Hunter began the quest for the Orb.
     0 | D:1      | Reached XP level 1. HP: 12/12 MP: 3/3
     0 | D:1      | 0 ||| qw: Version: 0.3-a-9-g12657ce
     0 | D:1      | 0 ||| qw: Game counter: 3270
     0 | D:1      | 0 ||| qw: Always use a shield: true
     0 | D:1      | 0 ||| qw: God list: Okawaru
     0 | D:1      | 0 ||| qw: Allow faded altars: false
     0 | D:1      | 0 ||| qw: Do Orc after D:15 true
     0 | D:1      | 0 ||| qw: Do second Lair branch before Depths: true
     0 | D:1      | 0 ||| qw: Lair rune preference: random
     0 | D:1      | 0 ||| qw: Plans: Normal
     0 | D:1      | 0 ||| PLANNING D:1-11
   218 | D:1      | Reached XP level 2. HP: 15/16 MP: 4/4
   220 | D:1      | Reached skill level 6 in Ranged Weapons
   632 | D:1      | 632 ||| UPGRADING to +0 ring mail.
   642 | D:1      | 642 ||| DROPPING +0 leather armour.
   643 | D:1      | 643 ||| READING scroll labelled PEMONOE ENKO.
   644 | D:1      | 644 ||| READING scroll labelled XUCWUPH XAZYT.
   645 | D:1      | 645 ||| READING scroll labelled ODUV COASUIW.
   650 | D:1      | 650 ||| DROPPING scroll of butterflies.
   822 | D:2      | Reached XP level 3. HP: 20/20 MP: 5/5
  1252 | D:2      | 1252 ||| UPGRADING to +0 cloak.
  1257 | D:2      | 1257 ||| UPGRADING to ring of protection from fire.
  1258 | D:2      | 1258 ||| READING scroll labelled LOADWE TOEXE.
  1259 | D:2      | 1259 ||| READING scroll labelled ISIPPY JIFUTER.
  1260 | D:2      | 1260 ||| READING scroll labelled TIS AQOR OSIMA.
  1308 | D:3      | Reached skill level 7 in Ranged Weapons
  1421 | D:3      | Noticed Robin
  1437 | D:3      | Killed Robin
  1438 | D:3      | Reached XP level 4. HP: 24/25 MP: 6/6
  1579 | D:3      | Found a glowing silver altar of Zin.
  1579 | D:3      | Noticed an angel
  1596 | D:3      | Noticed Natasha
  1610 | D:3      | HP: 3/25 [Natasha (4)]
  1610 | D:3      | HP: 1/25 [cerulean imp/+2 spear[Natasha] (2)]
  1611 | D:3      | 1611 ||| READING scroll of teleportation.
  1611 | D:3      | Slain by a cerulean imp

Levels and vault maps discovered:
D:1:      dpeg_arrival_arbitrary_c, layout_basic, minmay_liquid_box
D:2:      layout_loops_ring
D:3:      layout_rooms, zin_angel, uniq_natasha, uniq_robin

Skill      XL: |  1  2  3 |
---------------+----------+-----
Ranged Weapons | 6 7 |  7.5
Fighting       | |  1.5
Dodging        | |  2.4
Stealth        | |  1.2

Action                     |  1- 3 |  4- 6 || total
---------------------------+-------+-------++-------
   Fire: Shortbow          |   147 |    19 ||   166
    Use: Scroll            |     6 |     1 ||     7
 Armour: Leather armour    |     2 |       ||     2
         Ring mail         |    39 |     7 ||    46
  Dodge: Dodged            |    71 |    11 ||    82

Table legend:
 A = Non-vault XP
 B = Vault XP
 C = Vault XP percentage of total XP
 D = Non-vault monster count
 E = Vault monster count
 F = Vault count percentage of total count
                 A         B        C        D         E       F
            +---------+---------+-------+---------+---------+-------
      Total |      71 |      39 |  35.5 |      35 |      13 |  27.1
            +---------+---------+-------+---------+---------+-------
        D:1 |      30 |       0 |   0.0 |      17 |       0 |   0.0
        D:2 |      29 |       0 |   0.0 |      12 |       0 |   0.0
        D:3 |      12 |      39 |  76.5 |       6 |      13 |  68.4
            +---------+---------+-------+---------+---------+-------
